[ AOE2 MATCH · #504549392 ]
UnrankedSaracens vs Malians
Player's team · WIN
Rival team · LOSS
[ REPLAY ANALYSIS · EXTRACTED FROM THE RECORDED GAME ]
Feudal
11:03
Castle
24:41
Imperial
44:32
| APM avg | 55.8 |
| APM peak | 97 |
| eAPM avg | 32.0 |
| Villagers / military | 256 / 204 |
Focus
⚔️ 32.1% · 🌾 67.9%
Archer ×86 · Camel Scout ×61 · Scout Cavalry ×25 · Militia ×11 · Skirmisher ×7 · Trebuchet (Packed) ×6
Feudal
9:20
Castle
25:56
Imperial
49:34
| APM avg | 33.4 |
| APM peak | 61 |
| eAPM avg | 18.5 |
| Villagers / military | 153 / 150 |
Focus
⚔️ 25.1% · 🌾 74.9%
Camel Scout ×52 · Scout Cavalry ×31 · Knight ×23 · Archer ×15 · Mangonel ×7 · Skirmisher ×7
Match map
Initial resources + every placement click. Lines = walls · curves = elevation contours. ◆ gold · ⬟ stone · ● berries · ✦ relic · ◌ wall gap
Your base· ✓ Closed at 24:41 · 7t walls · no gate
Sir Alexander der Kunze's base· Open — opponent sealed themselves in
Smoothed initial terrain · ◌ = detected wall gap · hover for details
Inputs per minute
— [CL]LaCumbiaSuave - - Sir Alexander der Kunze
Build order — [CL]LaCumbiaSuave
First 150 of 693 actions detected
| 0:01 | Queue | Villager (Male) |
| 0:01 | Queue | Villager (Male) |
| 0:02 | Queue | Villager (Male) |
| 0:03 | Build | House |
| 0:04 | Build | House |
| 0:15 | Queue | Villager (Male) |
| 0:15 | Queue | Villager (Male) |
| 1:23 | Build | Lumber Camp |
| 1:25 | Queue | Villager (Male) |
| 1:25 | Queue | Villager (Male) |
| 1:48 | Queue | Villager (Male) |
| 1:48 | Queue | Villager (Male) |
| 1:48 | Queue | Villager (Male) |
| 2:14 | Queue | Villager (Male) |
| 2:15 | Queue | Villager (Male) |
| 2:49 | Queue | Villager (Male) |
| 3:15 | Queue | Villager (Male) |
| 3:37 | Queue | Villager (Male) |
| 3:37 | Queue | Villager (Male) |
| 3:37 | Queue | Villager (Male) |
| 3:53 | Build | House |
| 4:01 | Queue | Villager (Male) |
| 4:01 | Queue | Villager (Male) |
| 4:26 | Build | Barracks |
| 4:32 | Queue | Villager (Male) |
| 4:32 | Queue | Villager (Male) |
| 4:38 | Build | House |
| 4:52 | Queue | Villager (Male) |
| 4:52 | Queue | Villager (Male) |
| 5:10 | Queue | Villager (Male) |
| 5:18 | Queue | Militia |
| 5:35 | Queue | Villager (Male) |
| 5:35 | Queue | Villager (Male) |
| 5:50 | Queue | Militia |
| 5:58 | Build | Mill |
| 6:14 | Queue | Villager (Male) |
| 6:30 | Queue | Villager (Male) |
| 6:30 | Queue | Villager (Male) |
| 6:33 | Build | House |
| 7:13 | Build | House |
| 7:16 | Build | Farm |
| 7:20 | Build | Farm |
| 7:21 | Queue | Villager (Male) |
| 7:40 | Build | Farm |
| 7:48 | Queue | Villager (Male) |
| 8:07 | Research | Loom |
| 8:53 | Research | Feudal Age |
| 9:24 | Build | Lumber Camp |
| 9:42 | Queue | Militia |
| 9:42 | Queue | Militia |
| 9:55 | Build | Mill |
| 10:58 | Queue | Villager (Male) |
| 10:59 | Queue | Villager (Male) |
| 11:03 | Age | Feudal Age |
| 11:05 | Research | Man-at-Arms (upgrade) |
| 11:07 | Build | Archery Range |
| 11:16 | Research | Double-Bit Axe |
| 11:33 | Queue | Militia |
| 11:37 | Queue | Villager (Male) |
| 11:37 | Queue | Villager (Male) |
| 11:39 | Build | Mining Camp |
| 12:08 | Research | Horse Collar |
| 12:09 | Queue | Villager (Male) |
| 12:13 | Build | Farm |
| 12:15 | Build | House |
| 12:17 | Queue | Skirmisher |
| 12:17 | Queue | Skirmisher |
| 12:17 | Queue | Skirmisher |
| 12:55 | Queue | Skirmisher |
| 13:02 | Build | Archery Range |
| 13:03 | Queue | Villager (Male) |
| 13:08 | Queue | Villager (Male) |
| 13:12 | Build | House |
| 13:25 | Queue | Skirmisher |
| 13:26 | Queue | Archer |
| 13:26 | Queue | Archer |
| 13:26 | Queue | Archer |
| 13:39 | Queue | Villager (Male) |
| 13:39 | Queue | Villager (Male) |
| 13:48 | Queue | Skirmisher |
| 13:57 | Build | Farm |
| 13:58 | Queue | Archer |
| 13:58 | Queue | Archer |
| 14:05 | Build | House |
| 14:12 | Queue | Archer |
| 14:15 | Queue | Villager (Male) |
| 14:27 | Build | Palisade Wall |
| 14:32 | Queue | Archer |
| 14:33 | Queue | Archer |
| 14:54 | Queue | Archer |
| 14:54 | Queue | Archer |
| 15:10 | Queue | Archer |
| 15:10 | Queue | Archer |
| 15:25 | Queue | Villager (Male) |
| 15:25 | Queue | Villager (Male) |
| 15:27 | Build | Blacksmith |
| 15:38 | Queue | Archer |
| 15:38 | Queue | Archer |
| 16:06 | Queue | Archer |
| 16:07 | Queue | Archer |
| 16:07 | Queue | Villager (Male) |
| 16:08 | Queue | Villager (Male) |
| 16:12 | Build | House |
| 16:23 | Research | Padded Archer Armor |
| 16:24 | Queue | Skirmisher |
| 16:25 | Build | House |
| 16:35 | Build | House |
| 16:38 | Build | Market |
| 16:41 | Build | Palisade Wall |
| 16:43 | Queue | Villager (Male) |
| 16:43 | Queue | Villager (Male) |
| 16:47 | Queue | Archer |
| 17:01 | Build | House |
| 17:19 | Build | Farm |
| 17:20 | Build | Farm |
| 17:21 | Build | Farm |
| 17:24 | Build | Farm |
| 17:33 | Queue | Archer |
| 17:35 | Queue | Villager (Male) |
| 17:36 | Queue | Villager (Male) |
| 17:38 | Build | Palisade Wall |
| 17:42 | Queue | Archer |
| 17:48 | Build | Farm |
| 18:02 | Build | House |
| 18:04 | Queue | Archer |
| 18:11 | Research | Fletching |
| 18:16 | Build | Farm |
| 18:22 | Queue | Archer |
| 18:23 | Queue | Archer |
| 18:27 | Queue | Villager (Male) |
| 18:47 | Queue | Villager (Male) |
| 18:56 | Queue | Villager (Male) |
| 18:57 | Build | Farm |
| 19:01 | Queue | Archer |
| 19:01 | Queue | Archer |
| 19:05 | Queue | Archer |
| 19:05 | Queue | Archer |
| 19:11 | Queue | Villager (Male) |
| 19:12 | Build | House |
| 19:18 | Queue | Archer |
| 19:18 | Queue | Archer |
| 19:24 | Queue | Villager (Male) |
| 19:29 | Build | Farm |
| 19:32 | Queue | Villager (Male) |
| 19:34 | Build | House |
| 19:35 | Build | House |
| 20:03 | Queue | Archer |
| 20:03 | Queue | Archer |
| 20:20 | Queue | Archer |
| 20:22 | Queue | Villager (Male) |
Build order — Sir Alexander der Kunze
First 150 of 417 actions detected
| 0:02 | Queue | Villager (Male) |
| 0:03 | Build | House |
| 0:05 | Build | House |
| 0:08 | Build | House |
| 0:19 | Queue | Villager (Male) |
| 0:27 | Queue | Villager (Male) |
| 0:28 | Queue | Villager (Male) |
| 1:35 | Queue | Villager (Male) |
| 1:55 | Build | Lumber Camp |
| 2:04 | Queue | Villager (Male) |
| 2:23 | Queue | Villager (Male) |
| 2:53 | Queue | Villager (Male) |
| 3:10 | Build | House |
| 3:22 | Queue | Villager (Male) |
| 3:47 | Queue | Villager (Male) |
| 3:53 | Queue | Villager (Male) |
| 4:35 | Queue | Villager (Male) |
| 4:56 | Queue | Villager (Male) |
| 5:15 | Queue | Villager (Male) |
| 5:16 | Queue | Villager (Male) |
| 6:04 | Build | Mining Camp |
| 6:13 | Queue | Villager (Male) |
| 6:33 | Build | House |
| 6:43 | Research | Loom |
| 7:10 | Research | Feudal Age |
| 7:20 | Build | Barracks |
| 7:43 | Build | House |
| 7:48 | Build | Palisade Wall |
| 7:48 | Build | Palisade Wall |
| 8:12 | Build | Palisade Wall |
| 8:12 | Build | Palisade Wall |
| 8:25 | Queue | Militia |
| 8:25 | Queue | Militia |
| 9:14 | Queue | Villager (Male) |
| 9:20 | Age | Feudal Age |
| 9:29 | Research | Man-at-Arms (upgrade) |
| 9:45 | Build | Archery Range |
| 9:46 | Queue | Villager (Male) |
| 9:46 | Queue | Villager (Male) |
| 10:15 | Build | Mill |
| 10:49 | Queue | Archer |
| 10:49 | Queue | Archer |
| 11:06 | Build | Mill |
| 11:28 | Queue | Villager (Male) |
| 11:30 | Build | House |
| 11:36 | Queue | Archer |
| 11:41 | Build | House |
| 12:08 | Queue | Villager (Male) |
| 12:12 | Build | Blacksmith |
| 12:18 | Queue | Archer |
| 12:31 | Queue | Villager (Male) |
| 12:50 | Queue | Villager (Male) |
| 12:51 | Queue | Archer |
| 13:22 | Queue | Villager (Male) |
| 13:40 | Research | Fletching |
| 13:43 | Build | Farm |
| 13:43 | Build | Farm |
| 13:50 | Queue | Villager (Male) |
| 13:50 | Queue | Villager (Male) |
| 13:51 | Build | Farm |
| 13:52 | Queue | Archer |
| 13:52 | Queue | Archer |
| 14:04 | Queue | Villager (Male) |
| 14:15 | Build | Archery Range |
| 14:22 | Build | Farm |
| 14:33 | Queue | Militia |
| 14:37 | Build | House |
| 14:38 | Build | House |
| 14:40 | Build | House |
| 14:44 | Build | Palisade Wall |
| 14:49 | Build | Palisade Wall |
| 15:08 | Queue | Villager (Male) |
| 15:08 | Queue | Villager (Male) |
| 15:10 | Build | Farm |
| 15:26 | Queue | Archer |
| 15:26 | Queue | Archer |
| 15:27 | Queue | Militia |
| 15:28 | Queue | Militia |
| 15:29 | Build | Farm |
| 15:38 | Build | Watch Tower |
| 15:49 | Queue | Villager (Male) |
| 16:03 | Build | House |
| 16:13 | Build | House |
| 16:18 | Queue | Villager (Male) |
| 16:19 | Queue | Villager (Male) |
| 16:20 | Queue | Archer |
| 16:30 | Research | Double-Bit Axe |
| 16:50 | Queue | Villager (Male) |
| 16:52 | Build | Farm |
| 16:53 | Build | Farm |
| 17:19 | Queue | Archer |
| 17:20 | Queue | Villager (Male) |
| 17:22 | Build | Farm |
| 17:29 | Queue | Villager (Male) |
| 17:42 | Build | Lumber Camp |
| 17:45 | Queue | Archer |
| 17:45 | Queue | Archer |
| 17:46 | Queue | Villager (Male) |
| 17:47 | Queue | Villager (Male) |
| 18:15 | Queue | Skirmisher |
| 18:16 | Queue | Skirmisher |
| 18:16 | Research | Padded Archer Armor |
| 18:23 | Build | Lumber Camp |
| 18:40 | Build | House |
| 19:00 | Build | Farm |
| 19:03 | Queue | Villager (Male) |
| 19:04 | Research | Horse Collar |
| 19:22 | Build | Farm |
| 19:48 | Queue | Villager (Male) |
| 19:48 | Queue | Villager (Male) |
| 20:18 | Queue | Skirmisher |
| 20:19 | Queue | Skirmisher |
| 20:22 | Build | Mill |
| 20:27 | Build | Farm |
| 20:27 | Build | Farm |
| 20:29 | Build | Farm |
| 20:31 | Build | Farm |
| 20:38 | Build | Farm |
| 20:43 | Build | Farm |
| 20:44 | Queue | Villager (Male) |
| 20:44 | Queue | Villager (Male) |
| 20:50 | Build | Market |
| 21:10 | Build | Farm |
| 21:14 | Build | House |
| 21:36 | Queue | Villager (Male) |
| 21:36 | Queue | Villager (Male) |
| 21:47 | Research | Wheelbarrow |
| 21:51 | Queue | Skirmisher |
| 21:51 | Queue | Skirmisher |
| 21:55 | Queue | Villager (Male) |
| 22:32 | Research | Castle Age |
| 22:41 | Queue | Skirmisher |
| 22:50 | Build | House |
| 22:51 | Build | House |
| 23:12 | Build | Archery Range |
| 24:28 | Queue | Archer |
| 24:28 | Queue | Archer |
| 24:41 | Research | Scale Mail Armor |
| 25:51 | Research | Scale Barding Armor |
| 25:55 | Build | Stable |
| 25:56 | Age | Castle Age |
| 25:57 | Build | Stable |
| 26:03 | Queue | Villager (Male) |
| 26:19 | Build | Lumber Camp |
| 26:27 | Queue | Villager (Male) |
| 26:27 | Queue | Villager (Male) |
| 26:32 | Research | Bow Saw |
| 26:39 | Queue | Camel Scout |
| 26:41 | Research | Bloodlines |
| 26:46 | Research | Chain Barding Armor |
Match timeline
| 4:26 | [CL]LaCumbiaSuave · first_building Barracks |
| 7:20 | Sir Alexander der Kunze · first_building Barracks |
| 7:48 | Sir Alexander der Kunze · wall_segment Palisade Wall x1 |
| 7:48 | Sir Alexander der Kunze · wall_segment Palisade Wall x1 |
| 8:12 | Sir Alexander der Kunze · wall_segment Palisade Wall x1 |
| 8:12 | Sir Alexander der Kunze · wall_segment Palisade Wall x1 |
| 9:20 | Sir Alexander der Kunze · age_up feudal |
| 9:45 | Sir Alexander der Kunze · first_building Archery Range |
| 11:03 | [CL]LaCumbiaSuave · age_up feudal |
| 11:07 | [CL]LaCumbiaSuave · first_building Archery Range |
| 14:27 | [CL]LaCumbiaSuave · wall_segment Palisade Wall x4 |
| 14:44 | Sir Alexander der Kunze · wall_segment Palisade Wall x1 |
| 14:49 | Sir Alexander der Kunze · wall_segment Palisade Wall x1 |
| 16:41 | [CL]LaCumbiaSuave · wall_segment Palisade Wall x1 |
| 17:38 | [CL]LaCumbiaSuave · wall_segment Palisade Wall x1 |
| 21:51 | [CL]LaCumbiaSuave · first_market_buy 100 food |
| 21:54 | [CL]LaCumbiaSuave · first_market_sell 100 stone |
| 22:03 | Sir Alexander der Kunze · first_market_buy 500 food |
| 22:53 | [CL]LaCumbiaSuave · wall_segment Palisade Wall x1 |
| 24:41 | [CL]LaCumbiaSuave · age_up castle |
| 25:04 | [CL]LaCumbiaSuave · first_building Siege Workshop |
| 25:55 | Sir Alexander der Kunze · first_building Stable |
| 25:56 | Sir Alexander der Kunze · age_up castle |
| 27:13 | Sir Alexander der Kunze · first_building Siege Workshop |
| 27:32 | [CL]LaCumbiaSuave · first_building Castle |
| 29:27 | Sir Alexander der Kunze · first_market_sell 100 wood |
| 31:48 | [CL]LaCumbiaSuave · wall_segment Palisade Wall x1 |
| 33:16 | Sir Alexander der Kunze · first_building Monastery |
| 33:59 | [CL]LaCumbiaSuave · first_building Monastery |
| 34:31 | [CL]LaCumbiaSuave · first_building Stable |
| 38:47 | Sir Alexander der Kunze · first_building Castle |
| 44:32 | [CL]LaCumbiaSuave · age_up imperial |
| 49:34 | Sir Alexander der Kunze · age_up imperial |
| 50:19 | Sir Alexander der Kunze · resign |
[ AI ANALYSIS · 1 CREDIT ]
What really happened in this match?
Wolo.gg analyzes every decision: build order, eco, micro, common mistakes by bracket. Personalized analysis on WhatsApp or Discord in 30 seconds.
Civ guide
Saracens
Perfil
Jugador #3775792